 Dungeon Crawl Stone Soup version 0.25-a0-50-gf0389da217 (webtiles) character file.

Game seed: 16385952294910648347, levelgen mode: deterministic

3171 Gynju the Thaumaturge (level 9, -2/45 HPs)
             Began as a Deep Elf Fire Elementalist on Oct 24, 2019.
             Was a Believer of Vehumet.
             Slain by a killer bee (7 damage)
             ... on level 9 of the Dungeon.
             The game lasted 00:23:21 (10628 turns).

Gynju the Thaumaturge (Deep Elf Fire Elementalist) Turns: 10628, Time: 00:23:22

Health: -2/45      AC:  7    Str: 11    XL:     9   Next: 63%
Magic:  11/23      EV: 18    Int: 24    God:    Vehumet [**....]
Gold:   218        SH:  6    Dex: 18    Spells: 12/25 levels left

rFire    . . .     SeeInvis .   A - +1 scimitar of Cowardice {slice, Dex+3}
rCold    . . .     Gourm    .   m - +1 buckler
rNeg     . . .     Faith    .   q - +1 robe "Huvaoch" {MR+}
rPois    .         Spirit   .   (no helmet)
rElec    .         Reflect  .   (no cloak)
rCorr    .         Harm     .   (no gloves)
MR       +....                  y - +0 pair of boots
Stlth    ++........             d - amulet of regeneration
HPRegen  0.55/turn              f - +6 ring of strength
MPRegen  0.18/turn              F - +3 ring of protection

@: no status effects
A: no striking features
a: Renounce Religion


You were on level 9 of the Dungeon.
You worshipped Vehumet.
Vehumet was pleased with you.
You were not hungry.

You visited 2 branches of the dungeon, and saw 10 of its levels.

You collected 701 gold pieces.
You spent 483 gold pieces at shops.

Inventory:

Hand Weapons
 p - a +2 spear of piercing
 A - the +1 scimitar of Cowardice (weapon) {slice, Dex+3}
   (You bought it in a shop on level 7 of the Dungeon)

   It inflicts extra damage upon your enemies.
   It affects your dexterity (+3).
Missiles
 b - 21 poisoned darts (quivered)
Armour
 m - a +1 buckler (worn)
 q - the +1 robe "Huvaoch" (worn) {MR+}
   (You found it on level 4 of the Dungeon)

   It affects your resistance to hostile enchantments.
 w - a +1 robe of cold resistance
 y - a +0 pair of boots (worn)
Jewellery
 d - an amulet of regeneration (around neck)
 f - a +6 ring of strength (left hand)
 F - a +3 ring of protection (right hand)
 H - an uncursed ring of fire
Wands
 a - a wand of acid (7)
 D - a wand of flame (22)
 E - a wand of polymorph (5)
Scrolls
 h - a scroll of teleportation
 j - 3 scrolls of magic mapping
 n - 6 scrolls of remove curse {@r2}
 o - 2 scrolls of enchant weapon
 r - 5 scrolls of identify {@r1}
 t - 3 scrolls of amnesia
 u - a scroll of vulnerability {unknown}
 B - 2 scrolls of enchant armour
Potions
 e - 3 potions of brilliance
 g - a potion of haste
 i - 2 potions of curing {@q1}
 k - 2 potions of mutation
 l - a potion of flight
 s - 2 potions of might {unknown}
 v - 2 potions of lignification
 x - a potion of resistance {unknown}
 z - a potion of degeneration {unknown}
 C - a potion of ambrosia {unknown}
 G - a potion of heal wounds {unknown}
Comestibles
 c - 14 rations


   Skills:
 + Level 7.9 Dodging
 - Level 2.4 Stealth
 - Level 4.0 Shields
 + Level 8.8 Spellcasting
 + Level 6.9 Conjurations
 + Level 7.6 Fire Magic


You had 12 spell levels left.
You knew the following spells:

 Your Spells              Type           Power        Failure   Level  Hunger
a - Flame Tongue          Conj/Fire      #####        1%          1    None
b - Conjure Flame         Conj/Fire      #####...     1%          3    None
c - Sticky Flame          Conj/Fire      #####...     3%          4    ##.....
d - Fireball              Conj/Fire      #####.....   9%          5    ####...

Your spell library contained the following spells:

 Spells                   Type           Power        Failure   Level  Hunger
 Freeze                   Ice            ##..         6%          1    None
 Throw Flame              Conj/Fire      #####.       1%          2    None
 Inner Flame              Hex/Fire       ####....     3%          3    None
 Animate Skeleton         Necr           N/A          6%          1    None
 Apportation              Tloc           ##....       6%          1    None
 Confusing Touch          Hex            ##....       6%          1    None
 Summon Small Mammal      Summ           ##..         6%          1    None
 Confuse                  Hex            ##......     19%         3    None
 Gell's Gravitas          Tloc           ##........   19%         3    None
 Petrify                  Tmut/Erth      ##......     52%         4    ##.....
 Metabolic Englaciation   Hex/Ice        ##........   86%         5    ####...
 Yara's Violent Unravell  Hex/Tmut       ##........   86%         5    ####...


Dungeon Overview and Level Annotations

Branches:
Dungeon (9/15)             Temple (1/1) D:4
   Lair: D:8-11         Orc: D:9-12

Altars:
Ashenzari
Cheibriados
Dithmenos
Elyvilon
Fedhas
Gozag
Hepliaklqana
Kikubaaqudgha
Makhleb
Nemelex Xobeh
Okawaru
Qazlal
Sif Muna
Trog
Uskayaw
Vehumet
Wu Jian
Xom
Yredelemnul
Zin
The Shining One

Shops:
D:4 ::   D:6 !([=   D:7 (

Annotations:
D:6 3 runed translucent doors, wullow85's ghost, novice OpWz
D:8 Maurice


Message History

Confirm with . or Enter, or press ? or * to list all spells.
Aiming: Flame Tongue (safe; 1% risk of failure)
Press: ? - help, Shift-Dir - straight line, f/p - killer bee
Aim: a killer bee (moderately wounded)
The flame tongue hits the killer bee.
The killer bee is heavily wounded.
The killer bee barely misses you. The killer bee misses you.
You riposte.
You hit the killer bee.
The killer bee is heavily wounded.
The killer bee misses you. You block the killer bee's attack.
Something barely misses you.
Casting: Flame Tongue (safe; 1% risk of failure)
Confirm with . or Enter, or press ? or * to list all spells.
Aiming: Flame Tongue (safe; 1% risk of failure)
Press: ? - help, Shift-Dir - straight line, f/p - killer bee
Aim: a killer bee (heavily wounded)
The flame tongue misses the killer bee.
The flame tongue hits the orc.
The orc is severely wounded.
The killer bee stings you!
You die...

..##........ ..#
..........#.# #..
#...#..#.#.# #.#
##..#..#.#.# #†#
#......#.#.###.###.###
#....................#
#.....(....###.###.###
##..#.##..y###.#
###...#..oy@...#
###.........{#####
#..............
#.<.......#.##...
........<....... .....
......##...#.... ####
###.#.##...###>..
#.#.##...# #.## .....
...#


You could see 2 killer bees and an orc.

Vanquished Creatures
  A polar bear (D:8)
  A yak (D:8)
  A water moccasin (D:7)
  A black bear (D:8)
  2 ice beasts (D:8)
  An eye of draining (D:8)
  4 ogres
  A phantom (D:5)
  A centaur (D:6)
  4 killer bees (D:9)
  4 scorpions
  An electric eel (D:8)
  3 howler monkeys
  A centaur zombie (D:8)
  4 crimson imps
  A quasit (D:7)
  2 jellies
  2 hounds
  4 orc priests
  2 iguanas
  A centaur skeleton (D:4)
  5 worker ants
  Natasha (thrice) (D:4)
  7 orc wizards
  A mummy (D:4)
  A worker ant zombie (D:5)
  9 gnolls
  15 adders
  2 shadow imps (D:5)
  3 white imps (D:8)
  2 ufetubi (D:8)
  An ooze (D:4)
  2 worms
  A dart slug (D:2)
  8 leopard geckos
  18 orcs
  3 ball pythons
  8 bats
  6 giant cockroaches
  4 goblins
  11 hobgoblins
  9 jackals
  5 quokkas
  9 frilled lizards
  A giant cockroach zombie (D:5)
  4 kobolds
  A quokka skeleton (D:5)
  9 rats
190 creatures vanquished.

Notes
Turn   | Place    | Note
-------+----------+-------------------------------------------
     0 | D:1      | Gynju the Deep Elf Fire Elementalist began the quest for
                  | the Orb.
     0 | D:1      | Reached XP level 1. HP: 10/10 MP: 6/6
   313 | D:1      | Reached XP level 2. HP: 14/15 MP: 6/8
  1015 | D:2      | Reached XP level 3. HP: 19/19 MP: 6/10
  1075 | D:2      | Found a faded altar of an unknown god.
  1308 | D:2      | Learned a level 3 spell: Conjure Flame
  1391 | D:2      | Reached XP level 4. HP: 23/24 MP: 2/11
  1397 | D:2      | Learned a level 4 spell: Sticky Flame
  1476 | D:2      | Reached skill level 4 in Spellcasting
  2825 | D:2      | Reached XP level 5. HP: 16/28 MP: 2/13
  3357 | D:3      | Found a stormy altar of Qazlal.
  3663 | D:4      | Got an ominously black robe
  3664 | D:4      | Found Qesidapp's Book Boutique.
  3677 | D:4      | Identified the cursed +1 robe "Huvaoch" {MR+} (You found it
                  | on level 4 of the Dungeon)
  3794 | D:4      | Reached skill level 1 in Shields
  3798 | D:4      | Reached XP level 6. HP: 29/32 MP: 5/15
  4235 | D:4      | Reached skill level 5 in Spellcasting
  4243 | D:4      | Noticed Natasha
  4345 | D:4      | Killed Natasha
  4638 | D:4      | Found a staircase to the Ecumenical Temple.
  4647 | Temple   | Entered the Ecumenical Temple
  4827 | Temple   | Became a worshipper of Vehumet
  4892 | D:4      | Reached skill level 5 in Fire Magic
  4904 | D:4      | Reached XP level 7. HP: 28/36 MP: 13/17
  5038 | D:4      | Noticed Natasha
  5043 | D:4      | Killed Natasha
  5183 | D:4      | Reached skill level 5 in Dodging
  5221 | D:4      | Found a hazy altar of Hepliaklqana.
  5222 | D:4      | Found a snail-covered altar of Cheibriados.
  5295 | D:4      | Noticed Natasha
  5300 | D:4      | Killed Natasha
  5571 | D:4      | Found Puvikhuq's Book Shop.
  5632 | D:5      | Entered Level 5 of the Dungeon
  5996 | D:5      | Reached skill level 6 in Spellcasting
  6384 | D:5      | Reached XP level 8. HP: 41/41 MP: 13/19
  6645 | D:5      | You fall into a shaft and drop 2 floors!
  6849 | D:7      | Reached * piety under Vehumet
  6849 | D:7      | Offered knowledge of Magic Dart by Vehumet.
  7100 | D:7      | Reached skill level 5 in Conjurations
  7756 | D:6      | Found Neghimaa's Jewellery Shop.
  7762 | D:6      | Found Lediz's Weapon Shoppe.
  7765 | D:6      | Bought a +3 ring of protection for 231 gold pieces
  7815 | D:6      | Found a runed translucent gate.
  7815 | D:6      | Found a runed translucent gate.
  7815 | D:6      | Noticed wullow85's ghost (novice OpWz)
  7816 | D:6      | Found a runed translucent gate.
  7851 | D:6      | Found Seicletod's Antique Armour Shoppe.
  8022 | D:6      | Reached skill level 7 in Spellcasting
  8080 | D:6      | Found Mottej's Distillery.
  8977 | D:7      | Found Oloroaga's Antique Weapon Boutique.
  8992 | D:7      | Bought a jewelled scimitar for 252 gold pieces
  8992 | D:7      | Identified the +1 scimitar of Cowardice {slice, Dex+3} (You
                  | bought it in a shop on level 7 of the Dungeon)
  9235 | D:8      | Offered knowledge of Freeze by Vehumet.
  9239 | D:8      | Reached ** piety under Vehumet
  9272 | D:8      | HP: 1/41 [yak (12)]
  9275 | D:8      | Reached XP level 9. HP: 2/45 MP: 10/22
  9398 | D:8      | Noticed a gargoyle
  9478 | D:7      | Learned a level 5 spell: Fireball
  9754 | D:8      | Noticed a polar bear
  9771 | D:8      | Killed a polar bear
  9771 | D:8      | Reached skill level 8 in Spellcasting
 10408 | D:8      | Noticed Maurice
 10628 | D:9      | Slain by a killer bee

Levels and vault maps discovered:
D:1:      dpeg_arrival_tiny_i, layout_rooms, moated_statue
D:2:      layout_basic, chequers_ecumenical_altar_simple, serial_forest,
          infiniplex_forest_clump_medium, infiniplex_forest_clump_cross,
          infiniplex_forest_diagonal, infiniplex_forest_clump_C,
          infiniplex_forest_clump_long, infiniplex_forest_straight_2,
          infiniplex_forest_clump_diagonal, infiniplex_forest_zigzag_1,
          infiniplex_forest_lined_room_, infiniplex_forest_lined_corner
D:3:      layout_basic, lemuel_coloured_pillars_altar, minmay_starry_boxes
D:4:      layout_loops_ring, gammafunk_temple_overflow_wave,
          minmay_temple_entry_trees, serial_shops,
          nicolae_shop_temple_entry_statues_fountains, kennysheep_mini_moat,
          first_ration, gup_ossuary_entry_pyramid, uniq_natasha
D:5:      layout_gridville
D:6:      layout_gridville, ebering_ghost_rock_garden, serial_shops, shop, shop,
          nicolae_shop_waterfront, shop
D:7:      layout_basic, serial_shops, shop
D:8:      layout_loops_ring, nicolae_ru_path_of_blood, serial_ice, serial_ice_b,
          serial_ice_c, serial_ice_a, serial_ice_d, serial_ice_i, uniq_maurice
D:9:      layout_basic, grunt_pizzeria
Temple:   eino_narrow_crystal_temple

Skill      XL: |  1  2  3  4  5  6  7  8  9 |
---------------+----------------------------+-----
Dodging        | 3 4 5 6 7 |  7.9
Conjurations   | 2 3 4 5 6 |  6.9
Spellcasting   | 4 5 6 7 8 |  8.8
Fire Magic     | 4 5 6 7 |  7.6
Shields        | 1 2 3 4 |  4.0
Stealth        | |  2.4

Action                   |  1- 3 |  4- 6 |  7- 9 || total
-------------------------+-------+-------+-------++-------
Melee: Unarmed           |    20 |     1 |       ||    21
       Spear             |       |    18 |   102 ||   120
       Scimitar          |       |       |     4 ||     4
Throw: Dart              |       |       |    22 ||    22
 Cast: Flame Tongue      |    63 |   122 |   294 ||   479
       Sticky Flame      |       |     2 |     3 ||     5
       Conjure Flame     |       |       |     7 ||     7
  Use: Scroll            |       |       |    20 ||    20
       Potion            |       |       |     1 ||     1
  Eat: Chunk             |     1 |    11 |    15 ||    27
       Ration            |       |       |     1 ||     1
Armor: Robe              |     5 |    17 |    42 ||    64
Dodge: Dodged            |    44 |    60 |   142 ||   246
Block: Buckler           |       |     6 |    62 ||    68
       Rpst.: Scimitar   |       |       |    14 ||    14

Table legend:
 A = Non-vault XP
 B = Vault XP
 C = Vault XP percentage of total XP
 D = Non-vault monster count
 E = Vault monster count
 F = Vault count percentage of total count
                 A         B        C        D         E       F
            +---------+---------+-------+---------+---------+-------
      Total |    3719 |     812 |  17.9 |     171 |      19 |  10.0
            +---------+---------+-------+---------+---------+-------
        D:1 |      30 |       0 |   0.0 |      20 |       0 |   0.0
        D:2 |     136 |       0 |   0.0 |      27 |       0 |   0.0
        D:3 |      45 |      94 |  67.6 |      17 |       9 |  34.6
        D:4 |     648 |      54 |   7.7 |      30 |       2 |   6.2
        D:5 |     877 |       0 |   0.0 |      32 |       0 |   0.0
        D:6 |     215 |       0 |   0.0 |       5 |       0 |   0.0
        D:7 |     429 |       0 |   0.0 |       9 |       0 |   0.0
        D:8 |     939 |     664 |  41.4 |      24 |       8 |  25.0
        D:9 |     400 |       0 |   0.0 |       7 |       0 |   0.0
            +---------+---------+-------+---------+---------+-------
